 Dungeon Crawl Stone Soup version 0.31-a0-949-g57150269e1 (webtiles) character file.

Game seed: 780339468419883378

2676 Kurtz the Chopper (level 9, -1/69 HPs)
             Began as a Mummy Delver on Oct 22, 2023.
             Was an Initiate of Gozag.
             Killed from afar by an electric eel (7 damage)
             ... with a bolt of electricity
             ... on level 7 of the Dungeon.
             The game lasted 00:12:18 (6919 turns).

Kurtz the Chopper (Mummy Delver)                    Turns: 6919, Time: 00:12:19

Health: -1/69      AC: 10    Str: 17    XL:     9   Next: 37%
Magic:  9/9        EV: 13    Int:  9    God:    Gozag
Gold:   597        SH:  0    Dex: 16    Spells: 8/8 levels left

rFire   . . .        e - +1 whip (venom)
rCold   + + .        (no shield)
rNeg    + + +        u - +2 leather armour {rF+}
rPois   ∞            w - +0 helmet
rElec   .            z - +0 cloak
rCorr   .            l - +0 pair of gloves
SInv    +            A - +0 pair of boots
Will    +....        b - amulet of regeneration
Stlth   ++           r - ring of see invisible
HPRegen 1.11/turn    n - ring of protection from cold
MPRegen 0.11/turn

%: faith
@: about to teleport
A: cold resistance 1, negative energy resistance 3, torment resistance 2, heat
vulnerability 1, in touch with death 1, no potions, faith
a: Renounce Religion, Potion Petition, Call Merchant, Bribe Branch


You were on level 7 of the Dungeon.
You worshipped Gozag.
Gozag was pleased with you.
You visited 1 branch of the dungeon, and saw 7 of its levels.
You also visited: Sewer.

You collected 699 gold pieces.
You paid 102 gold pieces to Gozag.

Inventory:

Hand Weapons
 a - a +0 hand axe
 e - a +1 whip of venom (weapon)
 g - a +3 falchion
Missiles
 o - 7 boomerangs
 v - 22 poisoned darts
 x - a javelin
Armour
 h - a +0 scale mail
 l - a +0 pair of gloves (worn)
 m - a +0 plate armour
 p - a +0 chain mail
 u - a +2 leather armour of fire resistance (worn)
 w - a +0 helmet (worn)
 z - a +0 cloak (worn)
 A - a +0 pair of boots (worn)
Jewellery
 b - an amulet of regeneration (around neck)
 n - a ring of protection from cold (right hand)
 r - a ring of see invisible (left hand)
Wands
 f - a wand of digging (3)
 k - a wand of acid (5)
 s - a wand of mindburst (1) (quivered)
 t - a wand of roots (8)
Scrolls
 c - 4 scrolls of fog
 d - 2 scrolls of revelation
 i - 4 scrolls of enchant weapon
 j - 7 scrolls of identify
 q - 2 scrolls of teleportation
 y - 2 scrolls of enchant armour


   Skills:
 * Level 6.0 Fighting
 - Level 7.8 Axes
 * Level 4.1 Armour
 * Level 4.5 Dodging
 - Level 4.1 Stealth


You had 8 spell levels left.
You didn't know any spells.
Your spell library contained the following spells:

 Spells                   Type           Power      Damage    Failure   Level
 Magic Dart               Conj           0%         1d3       43%         1
 Call Imp                 Summ           0%         N/A       58%         2
 Mephitic Cloud           Conj/Pois/Air  0%         N/A       82%         3


Dungeon Overview and Level Annotations

Branches:
Dungeon (7/15)             Temple (0/1) D:5           Sewer (visited)

Altars:
Ashenzari
Dithmenos
Gozag
Makhleb
Vehumet

Shops:
D:5 *

Annotations:
D:3 exclusion: downstairs


Innate Abilities, Weirdness & Mutations

You are immune to poison.
Your flesh is cold resistant. (rC+)
You are immune to negative energy. (rN+++)
You are immune to unholy pain and torment.
You are vulnerable to heat. (rF-)
You are in touch with the powers of death.
You do not drink.
You have a special connection with the divine. (Faith)


Message History

You blow up the electric eel!
You hear a splash.
You start resting.
HP restored.
You see here a +0 pair of boots.
A - a +0 pair of boots You start putting on your armour.
You continue putting on your +0 pair of boots. x4
You finish putting on your +0 pair of boots.
Unknown command.
You now have 595 gold pieces (gained 6).
You now have 597 gold pieces (gained 2).
A raiju comes into view.
The raiju barks!
The raiju bursts into living lightning!
The living lightning hits you!!
The raiju blinks! x2
An electric eel comes into view.
There are monsters nearby!
The raiju attacks as it pursues you! The raiju bites you. The raiju shocks you!
The raiju attacks as it pursues you! The raiju closely misses you.
You barely miss the raiju. The raiju bites you but does no damage.
The electric eel shoots out a bolt of lightning at you!
The bolt of electricity misses the raiju.
The bolt of electricity misses you.
You barely miss the raiju. The raiju bites you but does no damage.
You hit the raiju but do no damage.
The raiju is poisoned.
The raiju bursts into living lightning!
The living lightning hits you!!
The raiju blinks!
As you read the scroll of teleportation, it crumbles to dust.
You feel strangely unstable.
The electric eel shoots out a bolt of lightning at you!
The bolt of electricity hits you.
The raiju bursts into living lightning!
The living lightning hits you!!
* * * LOW HITPOINT WARNING * * *
The raiju blinks!
The electric eel shoots out a bolt of lightning at you!
The bolt of electricity hits you!
You die...
Your body crumbles into a pile of gold.

###### ###≈≈≈≈###
###~~~..~~~###
#≈~~...h..~~≈#
###~...@......~~≈
#.§....§~~..[}..~
#.....~≈≈≈~~.....
#...~~≈####S~≈...
#.#≈≈### ##≈≈~. #.####
##≈≈ #.### ## #...#
##### ##########
###.###...#####........#


You could see a raiju (very poisoned) and an electric eel.

Vanquished Creatures
  Grinder (D:6)
  Prince Ribbit (D:5)
  A raiju (D:7)
  Sigmund (D:5)
  Menkaure (D:4)
  A water moccasin (D:6)
  A black bear (D:5)
  2 ice beasts
  A sky beast (D:5)
  A phantom (D:5)
  2 kobold brigands
  2 bullfrogs (D:6)
  A scorpion (D:5)
  An electric eel (D:7)
  2 hounds
  5 jellies
  Crazy Yiuf (D:3)
  2 orc priests
  An iguana (D:6)
  A sleepcap (D:3)
  Ijyb (D:5)
  Terence (D:3)
  Natasha (thrice) (D:3)
  4 orc wizards
  Robin (D:5)
  11 adders
  2 river rats (Sewer)
  A shadow imp (D:5)
  2 white imps (D:6)
  3 worms
  12 orcs
  9 ball pythons
  5 endoplasms
  10 goblins
  9 hobgoblins
  10 jackals
  14 kobolds
  4 quokkas
  7 bats
  6 frilled lizards
  14 rats
158 creatures vanquished.

Vanquished Creatures (others)
  A phantom (D:6)
1 creature vanquished.

Grand Total: 159 creatures vanquished

Notes
Turn   | Place    | Note
-------+----------+-------------------------------------------
     0 | D:5      | Kurtz the Mummy Delver began the quest for the Orb.
     0 | D:5      | Reached XP level 1. HP: 18/18 MP: 1/1
     0 | D:5      | Noticed Sigmund
   119 | D:3      | Noticed Natasha
   130 | D:3      | Noticed a cerulean imp
   132 | D:3      | Noticed a cerulean imp
   244 | D:3      | Noticed Terence
   447 | D:1      | Reached skill level 2 in Axes
   559 | D:1      | Reached XP level 2. HP: 24/24 MP: 2/2
  1109 | D:2      | Reached skill level 3 in Axes
  1109 | D:2      | Reached XP level 3. HP: 27/29 MP: 3/3
  1557 | D:2      | Reached XP level 4. HP: 35/35 MP: 4/4
  2076 | D:3      | Killed Natasha
  2077 | D:3      | Reached skill level 4 in Axes
  2148 | D:3      | Killed Terence
  2155 | D:3      | Noticed Natasha
  2166 | D:3      | Killed Natasha
  2167 | D:3      | Reached XP level 5. HP: 38/41 MP: 5/5
  2210 | D:3      | Found a runed translucent door.
  2211 | D:3      | Noticed Crazy Yiuf
  2315 | D:3      | Noticed Natasha
  2322 | D:3      | Killed Natasha
  2544 | D:4      | Noticed Menkaure
  2581 | D:3      | Reached skill level 5 in Axes
  2656 | D:4      | HP: 1/41 [acid (11)]
  2704 | D:4      | Reached XP level 6. HP: 47/47 MP: 6/6
  2837 | D:4      | Found a radiant altar of Vehumet.
  2971 | D:5      | Noticed an ice beast
  2991 | D:5      | Killed an ice beast
  3058 | D:5      | Noticed a sky beast
  3069 | D:5      | Killed a sky beast
  3070 | D:5      | Reached skill level 6 in Axes
  3104 | D:5      | Reached XP level 7. HP: 43/52 MP: 7/7
  3192 | D:5      | Reached skill level 7 in Axes
  3231 | D:5      | Noticed Ijyb
  3460 | D:5      | Noticed Robin
  3486 | D:5      | Noticed Prince Ribbit
  3855 | D:4      | Found a burning altar of Makhleb.
  3992 | D:4      | Killed Menkaure
  4290 | D:5      | Killed Ijyb
  4291 | D:5      | Reached XP level 8. HP: 56/58 MP: 8/8
  4355 | D:5      | Killed Robin
  4424 | D:5      | Killed Prince Ribbit
  4425 | D:5      | Reached skill level 1 in Armour
  4520 | D:5      | Found an opulent altar of Gozag.
  4547 | D:5      | Killed Sigmund
  4571 | D:5      | Became a worshipper of Gozag Ym Sagoz the Greedy
  4599 | D:5      | Found a staircase to the Ecumenical Temple.
  4912 | D:6      | Found a glowing drain.
  4916 | Sewer    | Entered a sewer
  5802 | D:6      | Noticed Grinder
  5809 | D:6      | Killed Grinder
  5959 | D:5      | Reached skill level 5 in Fighting
  5959 | D:5      | Reached XP level 9. HP: 42/68 MP: 9/9
  6511 | D:3      | Killed Crazy Yiuf
  6747 | D:7      | Found a shadowy altar of Dithmenos.
  6750 | D:7      | Found a broken altar of Ashenzari.
  6919 | D:7      | Killed from afar by an electric eel

Illustrated notes

Levels and vault maps discovered:
D:1:      lightli_arrival_isolated_outpost, layout_basic, nrook_campfire,
          reono_crystal_passage
D:2:      layout_basic, kennysheep_generic_room_4
D:3:      layout_basic, uniq_natasha, uniq_terence, uniq_crazy_yiuf_cottage
D:4:      layout_gridville, fiery_altar_vehumet,
          gammafunk_temple_overflow_pools, uniq_menkaure
D:5:      layout_cave_pools, mainiacjoe_overflow_concentric_impassable,
          minmay_temple_entry_enclosed_plants, serial_shops, shop,
          nicolae_goblin_pals, uniq_sigmund, uniq_prince_ribbit1
D:6:      layout_rooms, gup_sewer_entry_bowl, uniq_grinder
D:7:      layout_loops_cross, ashenzari_altar_1, mainiacjoe_overflow_catwalk,
          serial_shops, kennysheep_little_box, ebering_ghost_reflecting_pool,
          nicolae_have_a_lightning_rod

Skill      XL: |  1  2  3  4  5  6  7  8  9 |
---------------+----------------------------+-----
Axes           | 2 3 4 5 6 7 |  7.8
Armour         | 3 4 |  4.1
Dodging        | 3 4 |  4.5
Fighting       | 5 6 |  6.0
Stealth        | |  4.1

Action                     |  1- 3 |  4- 6 |  7- 9 || total
---------------------------+-------+-------+-------++-------
  Melee: Falchion          |    89 |   139 |       ||   228
         Punch             |     1 |     1 |     9 ||    11
         Hand axe          |     1 |    11 |   507 ||   519
         Whip              |       |       |    95 ||    95
  Throw: Dart              |       |     8 |     4 ||    12
         Boomerang         |       |    13 |     5 ||    18
         Javelin           |       |       |     2 ||     2
  Evoke: Wand              |       |       |    17 ||    17
    Use: Scroll            |       |     1 |     6 ||     7
   Stab: Sleeping          |     1 |       |     1 ||     2
         Distracted        |       |       |     2 ||     2
 Armour: Scale mail        |    51 |       |       ||    51
         Leather armour    |     9 |       |   244 ||   253
         Plate armour      |     4 |    32 |       ||    36
         Chain mail        |       |   135 |   172 ||   307
  Dodge: Dodged            |    59 |    66 |   320 ||   445

Table legend: (Time is in decaauts)
 A = Elapsed time spent in this place.
 B = Non-inter-level travel time spent in this place.
 C = Inter-level travel time spent in this place.
 D = Time resting spent in this place.
 E = Time spent auto-exploring this place.
 F = Levels seen in this place.
 G = Mean time per level.
                   A        B        C        D        E       F      G
               +--------+--------+--------+--------+--------+-----+--------+
         Total |   7161 |   6301 |    860 |    752 |   3376 |   8 |  895.1 |
       Dungeon |   6140 |   5280 |    860 |    752 |   2834 |   7 |  877.1 |
         Sewer |   1021 |   1021 |      0 |      0 |    542 |   1 | 1021.0 |
               +--------+--------+--------+--------+--------+-----+--------+

Top non-repeatable levels by time:
     D:3: 1470 daAuts
     D:4: 1387 daAuts
   Sewer: 1021 daAuts
     D:5: 975 daAuts
     D:2: 859 daAuts
     D:6: 657 daAuts
     D:1: 620 daAuts
     D:7: 169 daAuts
